 Dungeon Crawl Stone Soup version 0.22-a0-858-g985ef60 (webtiles) character file.

81 Amnesiac the Vexing (level 4, -3/30 HPs)
             Began as a Mummy Enchanter on July 27, 2018.
             Slain by a water moccasin (8 damage)
             ... on level 6 of the Dungeon.
             The game lasted 00:04:55 (1759 turns).

Amnesiac the Vexing (Mummy Enchanter)               Turns: 1759, Time: 00:04:56

Health: -3/30      AC:  3    Str: 11    XL:     4   Next: 19%
Magic:  1/9        EV: 12    Int: 15    God:
Gold:   82         SH:  0    Dex: 12    Spells: 1/10 levels left

rFire    x . .     SeeInvis .   a - +1 dagger
rCold    + . .     Gourm    .   (no shield)
rNeg     + + +     Faith    .   b - +0 robe
rPois    ∞         Spirit   .   i - +0 helmet
rElec    .         Reflect  .   (no cloak)
rCorr    .         Harm     .   (no gloves)
MR       .....                  (no boots)
Stlth    ++........             (no amulet)
HPRegen  0.10/turn              (no ring)
MPRegen  0.11/turn              (no ring)

@: no status effects
A: no food or potions, fire vulnerability, cold resistance 1, negative energy
resistance 3, torment resistance, unbreathing
a: no special abilities


You were on level 6 of the Dungeon.
You were not hungry.

You visited 1 branch of the dungeon, and saw 6 of its levels.

You collected 82 gold pieces.

Inventory:

Hand Weapons
 a - a +1 dagger (weapon)
 f - a +1 hunting sling
Missiles
 d - 3 sling bullets
 e - 83 stones (quivered)
Armour
 b - a +0 robe (worn)
 i - a +0 helmet (worn)
Scrolls
 c - 2 scrolls of enchant weapon {!r}
 g - a scroll of identify {!r}
 h - a scroll of random uselessness {!r}


   Skills:
 - Level 1.0 Short Blades
 - Level 1.5 Dodging
 + Level 2.9 Stealth
 + Level 3.6 Spellcasting
 * Level 3.8 Hexes


You had one spell level left.
You knew the following spells:

 Your Spells              Type           Power        Failure   Level  Hunger
a - Ensorcelled Hibernat  Hex/Ice        #.....       13%         2    N/A
d - Corona                Hex            ##.....      4%          1    N/A
e - Confuse               Hex            ##......     12%         3    N/A
w - Tukima's Dance        Hex            ##......     12%         3    N/A

Your spell library contained the following spells:

 Spells                   Type           Power        Failure   Level  Hunger
 Dazzling Spray           Conj/Hex       #.....       26%         3    N/A

Dungeon Overview and Level Annotations

Branches:
Dungeon (6/15)
 Temple: D:4-7

Altars:

Annotations:
D:4 exclusion: frilled lizard, Dowan, Duvessa, Ijyb


Innate Abilities, Weirdness & Mutations

You do not eat or drink.
Your flesh is vulnerable to fire.
You are immune to poison.
Your flesh is cold resistant. (rC+)
You are immune to negative energy. (rN+++)
You are immune to unholy pain and torment.
You can survive without breathing.


Message History

* * * LOW HITPOINT WARNING * * *
An adder comes into view.
The crimson imp blinks!
Casting: Confuse (safe; 12% risk of failure)
Confirm with . or Enter, or press ? or * to list all spells.
Aiming: Confuse (safe; 12% risk of failure)
Press: ? - help, Shift-Dir - straight line, f - howler monkey zombie
Aim: a howler monkey zombie (chance to defeat MR: 59%)
The howler monkey zombie resists with significant effort.
Unknown command.
Casting: Confuse (safe; 12% risk of failure)
Confirm with . or Enter, or press ? or * to list all spells.
Aiming: Confuse (safe; 12% risk of failure)
Press: ? - help, Shift-Dir - straight line, f/p - howler monkey zombie
Aim: a howler monkey zombie (chance to defeat MR: 59%)
The howler monkey zombie appears confused.
The howler monkey zombie misses you.
Unknown command.
The sentinel's mark upon you fades away.
Casting: Confuse (safe; 12% risk of failure)
Confirm with . or Enter, or press ? or * to list all spells.
Aiming: Ensorcelled Hibernation (safe; 13% risk of failure)
Press: ? - help, Shift-Dir - straight line, f - water moccasin
Aim: a water moccasin (chance to defeat MR: 39%)
The water moccasin resists with some effort.
Unknown command.
Casting: Ensorcelled Hibernation (safe; 13% risk of failure)
Confirm with . or Enter, or press ? or * to list all spells.
You don't have enough magic to cast that spell.
Unknown command.
The water moccasin bites you but does no damage.
Casting: Ensorcelled Hibernation (safe; 13% risk of failure)
Confirm with . or Enter, or press ? or * to list all spells.
Aiming: Ensorcelled Hibernation (safe; 13% risk of failure)
Press: ? - help, Shift-Dir - straight line, f/p - water moccasin
Aim: a water moccasin (chance to defeat MR: 39%)
The water moccasin resists with some effort.
The water moccasin closely misses you.
Unknown command.
Really read
c - 3 scrolls labeled NEOLOE WATUA {!r}?
As you read the scroll labeled NEOLOE WATUA {!r}, it crumbles to dust.
It is a scroll of enchant weapon.
Your +0 hunting sling glows red for a moment.
The water moccasin misses you. The water moccasin barely misses you.
Really read
g - 2 scrolls labeled GUTITE EGIXAHI {!r}?
As you read the scroll labeled GUTITE EGIXAHI {!r}, it crumbles to dust.
It is a scroll of identify.
h - a scroll of random uselessness {!r} The water moccasin misses you.
The water moccasin closely misses you. The water moccasin bites you.
* * * LOW HITPOINT WARNING * * *
A leopard gecko comes into view.
A slave comes into view.
The adder hisses angrily.
The water moccasin bites you.
* * * LOW HITPOINT WARNING * * *
A slave comes into view.
The slave shouts!
The slave shouts!
You hear a shout!
The water moccasin bites you.
* * * LOW HITPOINT WARNING * * *
The water moccasin bites you!
You die...

... #. #.. #.######.
####.. ...#...
#..... #.#.# #.##S.
####.#.##### #.5
.....#l.... #S.
##################.#
#..@S...#ZpS.p..##S#
#.#####.#S#####.##.#
# ###.#.### #.##.#
#...#...# #.S..#
#.#####.# ######
######.#####.#
..............#
###############


You could see a water moccasin, a slave, an adder, a howler monkey zombie and a
leopard gecko.

Vanquished Creatures
  A hound skeleton (D:5)
  A howler monkey skeleton (D:4)
  A gnoll (D:5)
  An adder (D:3)
  2 adder skeletons
  A worm (D:2)
  2 dart slugs
  2 leopard geckos
  An orc (D:5)
  2 giant cockroaches
  3 goblins
  2 hobgoblins (D:3)
  A kobold (D:2)
  A ball python (D:1)
  2 bats
  2 frilled lizards
  2 rats
27 creatures vanquished.

Notes
Turn   | Place    | Note
-------+----------+-------------------------------------------
     0 | D:1      | Amnesiac the Mummy Enchanter began the quest for the Orb.
     0 | D:1      | Reached XP level 1. HP: 13/13 MP: 4/4
   269 | D:1      | Reached skill level 1 in Short Blades
   363 | D:1      | Reached XP level 2. HP: 16/19 MP: 3/5
   367 | D:1      | Learned a level 2 spell: Ensorcelled Hibernation
   726 | D:3      | Reached XP level 3. HP: 13/24 MP: 5/7
   739 | D:3      | Learned a level 3 spell: Confuse
  1032 | D:4      | Noticed Ijyb
  1075 | D:4      | Noticed Dowan
  1076 | D:4      | Noticed Duvessa
  1081 | D:5      | Entered Level 5 of the Dungeon
  1325 | D:5      | Reached XP level 4. HP: 30/30 MP: 6/9
  1336 | D:5      | Learned a level 3 spell: Tukima's Dance
  1579 | D:5      | Noticed a phantom
  1587 | D:6      | Noticed a water moccasin
  1754 | D:6      | Noticed a slave
  1755 | D:6      | Noticed a slave
  1759 | D:6      | Slain by a water moccasin

Vault maps used:
D:1:      nzn_arrival_crosshair, serial_bayou_crossing
D:2:      chequers_ecumenical_altar_twisty, uniq_crazy_yiuf_cottage, uniq_robin
D:3:      kennysheep_potato, uniq_sigmund, uniq_terence
D:4:      first_ration, uniq_natasha, uniq_duvessa, uniq_grinder, uniq_ijyb
D:5:      nemelex_xobeh_ov_fountains_minmay
D:6:      serial_co_window_serial, co_window_paths_b, co_window_corner_a,
          co_window_of_opportunity_a, co_window_paths_b, co_window_paths_a,
          co_window_paths_b, co_window_cross_3, co_window_of_opportunity_b,
          co_window_paths_c, co_window_4corner_a, uniq_blork_the_orc, uniq_pikel

Skill      XL: |  1  2 |
---------------+-------+-----
Short Blades   | 1 |  1.0
Hexes          | 3 |  3.8
Spellcasting   | 3 |  3.6
Dodging        | |  1.5
Stealth        | |  2.9

Action                   |  1- 3 |  4- 6 || total
-------------------------+-------+-------++-------
Melee: Dagger            |    55 |    18 ||    73
 Fire: Hunting sling     |    38 |       ||    38
 Cast: Corona            |    17 |       ||    17
       Ensorcelled Hiber |     3 |     4 ||     7
       Confuse           |     1 |     5 ||     6
  Use: Scroll            |       |     2 ||     2
 Stab: Sleeping          |     6 |     1 ||     7
       Confused          |     1 |       ||     1
Armor: Robe              |    19 |     3 ||    22
Dodge: Dodged            |    61 |    18 ||    79

Table legend:
 A = Spawn XP
 B = Non-spawn XP
 C = Spawn XP percentage of total XP
 D = Spawn monster count
 E = Non-spawn monster count
 F = Spawn count percentage of total count
 G = Total turns spent on level
                    A         B        C        D         E        F      G
               +---------+---------+-------+---------+---------+-------+---------
         Total |       0 |     116 |   0.0 |       0 |      27 |   0.0 |  1759
               +---------+---------+-------+---------+---------+-------+---------
           D:1 |       0 |      12 |   0.0 |       0 |       6 |   0.0 |   380
           D:2 |       0 |      17 |   0.0 |       0 |       8 |   0.0 |   238
           D:3 |       0 |      21 |   0.0 |       0 |       5 |   0.0 |   220
           D:4 |       0 |      21 |   0.0 |       0 |       2 |   0.0 |   248
           D:5 |       0 |      45 |   0.0 |       0 |       6 |   0.0 |   501
               +---------+---------+-------+---------+---------+-------+---------
